 Dungeon Crawl Stone Soup version 0.22.0-13-g43fe8f24b8 (webtiles) character file.

9016 Faustar the Eclecticist (level 11, -3/54 HPs)
             Began as a Deep Elf Wizard on Aug 17, 2018.
             Was a High Priest of Sif Muna.
             Slain by an unseen horror (10 damage)
             ... on level 10 of the Dungeon.
             The game lasted 00:38:17 (13511 turns).

Faustar the Eclecticist (Deep Elf Wizard)          Turns: 13511, Time: 00:38:18

Health: -3/54      AC:  5    Str:  4    XL:     11   Next: 17%
Magic:  17/32      EV: 13    Int: 29    God:    Sif Muna [*****.]
Gold:   468        SH:  0    Dex: 13    Spells: 14/41 levels left

rFire    . . .     SeeInvis .   I - staff of conjuration
rCold    . . .     Gourm    .   (no shield)
rNeg     . . .     Faith    .   u - +2 robe {Archmagi}
rPois    .         Spirit   .   b - +0 hat
rElec    .         Reflect  .   i - +0 cloak
rCorr    .         Harm     .   (no gloves)
MR       +....                  (no boots)
Stlth    ++........             (no amulet)
HPRegen  0.18/turn              O - +2 ring of intelligence
MPRegen  0.23/turn              (no ring)

@: divine energy
A: no striking features
a: Stop Divine Energy, Channel Magic, Forget Spell, Renounce Religion


You were on level 10 of the Dungeon.
You worshipped Sif Muna.
Sif Muna was extremely pleased with you.
You were very hungry.

You visited 2 branches of the dungeon, and saw 11 of its levels.

You collected 468 gold pieces.

Inventory:

Hand Weapons
 o - a +2 dagger of electrocution
Missiles
 r - 224 stones (quivered)
Armour
 a - a +0 robe
 b - a +0 hat (worn)
 i - a +0 cloak (worn)
 k - a +1 robe of cold resistance
 u - a +2 robe of the Archmagi (worn)
 N - a +0 buckler
Magical Staves
 x - an uncursed staff of wizardry
 I - an uncursed staff of conjuration (weapon)
Jewellery
 O - a +2 ring of intelligence (left hand)
Wands
 p - a wand of flame (55)
 D - a wand of polymorph (14)
 G - a wand of digging (20)
Scrolls
 c - 8 scrolls of identify {unknown}
 f - 7 scrolls of remove curse {unknown}
 h - 2 scrolls of noise {unknown}
 j - 2 scrolls of magic mapping {unknown}
 l - 5 scrolls of immolation {unknown}
 q - 5 scrolls of blinking {unknown}
 s - a scroll of fog {unknown}
 t - 3 scrolls of fear {unknown}
 y - a scroll of amnesia {unknown}
 B - 3 scrolls of teleportation {unknown}
 E - a scroll of enchant armour {unknown}
 F - a scroll of enchant weapon {unknown}
 H - a scroll of acquirement {unknown}
Potions
 e - 4 potions of mutation {unknown}
 g - 5 potions of heal wounds {unknown}
 m - 2 potions of lignification {unknown}
 n - a potion of berserk rage {unknown}
 v - a potion of agility {unknown}
 w - a potion of haste {unknown}
 z - a potion of brilliance {unknown}
 A - 2 potions of curing {unknown}
 C - a potion of flight {unknown}
 J - 2 potions of magic {unknown}
 K - a potion of ambrosia {unknown}
 M - a potion of degeneration {unknown}
Comestibles
 d - 20 rations


   Skills:
 - Level 2.4 Dodging
 - Level 2.4 Stealth
 + Level 4.8 Shields
 - Level 15.8 Spellcasting
 - Level 7.1 Conjurations
 - Level 2.2 Summonings
 - Level 2.2 Translocations
 - Level 3.0 Fire Magic
 - Level 3.0 Air Magic
 - Level 6.4 Earth Magic
 - Level 3.0 Poison Magic


You had 14 spell levels left.
You knew the following spells:

 Your Spells              Type           Power        Failure   Level  Hunger
a - Magic Dart            Conj           ####         1%          1    None
b - Call Imp              Summ           ######..     1%          2    None
c - Blink                 Tloc           N/A          1%          2    None
d - Mephitic Cloud        Conj/Pois/Air  #######.     1%          3    None
e - Sandblast             Erth           ######       1%          1    None
f - Conjure Flame         Conj/Fire      #######.     1%          3    None
g - Stone Arrow           Conj/Erth      ######       1%          3    None
h - Lee's Rapid Deconstr  Erth           ######....   4%          5    None
i - Tukima's Dance        Hex            ####....     6%          3    None
j - Cause Fear            Hex            ####......   21%         4    None

Your spell library contained the following spells:

 Spells                   Type           Power        Failure   Level  Hunger
 Slow                     Hex            ####....     3%          2    None
 Throw Flame              Conj/Fire      ######       1%          2    None
 Sticky Flame             Conj/Fire      #######.     2%          4    None
 Passwall                 Tmut/Erth      ######..     1%          2    None
 Corona                   Hex            ####...      1%          1    None
 Petrify                  Tmut/Erth      ######..     5%          4    None
 Dazzling Spray           Conj/Hex       ######       1%          3    None
 Summon Guardian Golem    Hex/Summ       #####...     4%          3    None
 Yara's Violent Unravell  Hex/Tmut       ####......   50%         5    None


Dungeon Overview and Level Annotations

Branches:
Dungeon (10/15)            Temple (1/1) D:4            Lair (0/6) D:10
    Orc (0/2) D:9

Altars:
Ashenzari
Cheibriados
Dithmenos
Elyvilon
Fedhas
Gozag
Hepliaklqana
Kikubaaqudgha
Makhleb
Nemelex Xobeh
Okawaru
Qazlal
Ru
Sif Muna
Trog
Uskayaw
Vehumet
Wu Jian
Xom
Yredelemnul
Zin
The Shining One

Shops:
D:8 }


Message History

You cannot affect that.
Okay, then.
Something hits you but does no damage. Something hits you!
* * * LOW HITPOINT WARNING * * *
Casting: Lee's Rapid Deconstruction (safe; 4% risk of failure)
Confirm with . or Enter, or press ? or * to list all spells.
You feel a surge of power!
You blink.
Casting: Blink (safe; 1% risk of failure)
Confirm with . or Enter, or press ? or * to list all spells.
Aiming: Lee's Rapid Deconstruction (safe; 4% risk of failure)
Press: ? - help, Dir - move target cursor A rock wall.
You feel a surge of power!
The wall shatters!
The blast of rock fragments hits something.
Something hits you.
* * * LOW HITPOINT WARNING * * *
Casting: Lee's Rapid Deconstruction (safe; 4% risk of failure)
Confirm with . or Enter, or press ? or * to list all spells.
You feel a surge of power!
You blink.
Something hits you!
You die...

####..........####.
#.##.#####...... #.
#.# ######. #. #.#
### #.##.# #.#
#..#.# #.. ####.#.#
#.. #....ยง.# #.)
#@##.### #..
#.#.#.###########..
..#
#...........##..
###
#.#.#.##.#......[
#.##.##.#.#.###>..
#. #.###..#.##....
# #.# #..#.#...#.
#.# #..........
#.###..#...#...


There were no monsters in sight!

Vanquished Creatures
  Harold (D:7)
  3 two-headed ogres
  Sigmund (D:4)
  Grum (D:8)
  3 wyverns (D:10)
  A hungry ghost (D:6)
  A steam dragon (D:10)
  Menkaure (D:5)
  A water moccasin (D:8)
  Duvessa (D:7)
  6 orc warriors
  A hornet zombie (D:8)
  A sky beast (D:10)
  A black bear (D:9)
  5 ice beasts
  An eye of draining (D:7)
  3 ogres
  2 wolves (D:8)
  A necrophage (D:7)
  4 centaurs
  2 crocodiles
  A big kobold (D:9)
  3 bullfrogs
  Blork the orc (D:4)
  2 gnoll sergeants
  2 scorpions
  Dowan (D:7)
  7 killer bees
  2 jellies
  A bullfrog zombie (D:6)
  3 crimson imps
  4 hounds
  Crazy Yiuf (D:2)
  A gnoll shaman (D:7)
  5 orc priests
  14 orc wizards
  3 centaur skeletons
  4 iguanas
  Natasha (thrice) (D:2)
  3 worker ants
  A hound zombie (D:9)
  A worker ant zombie (D:9)
  15 gnolls
  A howler monkey skeleton (D:8)
  10 adders
  2 shadow imps
  3 oozes
  An adder zombie (D:6)
  3 worms
  5 leopard geckos
  46 orcs
  9 giant cockroaches
  7 goblins
  2 hobgoblins
  11 jackals
  4 quokkas
  A ball python (D:2)
  7 bats
  2 frilled lizards
  A jackal skeleton (D:8)
  13 kobolds
  A leopard gecko zombie (D:8)
  6 rats
254 creatures vanquished.

Vanquished Creatures (collateral kills)
  An ogre (D:5)
  2 killer bees (D:7)
  A howler monkey (D:5)
  A centaur zombie (D:4)
  A crimson imp (D:4)
  A jelly (D:5)
  An ooze (D:4)
  A worm (D:2)
  An orc (D:5)
  A giant cockroach (D:5)
  A jackal (D:5)
12 creatures vanquished.

Grand Total: 266 creatures vanquished

Notes
Turn   | Place    | Note
-------+----------+-------------------------------------------
     0 | D:1      | Faustar the Deep Elf Wizard began the quest for the Orb.
     0 | D:1      | Reached XP level 1. HP: 10/10 MP: 7/7
   548 | D:1      | Reached XP level 2. HP: 15/15 MP: 6/9
   554 | D:1      | Learned a level 2 spell: Call Imp
   605 | D:1      | Learned a level 2 spell: Blink
  1192 | D:2      | Noticed Natasha
  1269 | D:2      | Reached XP level 3. HP: 19/19 MP: 7/10
  1274 | D:2      | Learned a level 3 spell: Mephitic Cloud
  1675 | D:2      | Reached skill level 1 in Air Magic
  1750 | D:2      | Killed Natasha
  1750 | D:2      | Reached skill level 1 in Poison Magic
  1750 | D:2      | Reached XP level 4. HP: 24/24 MP: 3/12
  1955 | D:2      | Found a runed door.
  1992 | D:2      | Noticed Natasha
  1997 | D:2      | Killed Natasha
  2056 | D:2      | Noticed Natasha
  2062 | D:2      | Killed Natasha
  2062 | D:2      | Reached XP level 5. HP: 20/28 MP: 4/13
  2145 | D:2      | Noticed Crazy Yiuf
  2152 | D:2      | Killed Crazy Yiuf
  3117 | D:3      | Learned a level 1 spell: Sandblast
  3250 | D:4      | Reached XP level 6. HP: 25/32 MP: 7/14
  3368 | D:4      | Found a staircase to the Ecumenical Temple.
  3421 | D:4      | Noticed Sigmund
  3438 | Temple   | Entered the Ecumenical Temple
  3695 | D:4      | Killed Sigmund
  3928 | D:4      | Found a burning altar of Makhleb.
  3949 | D:4      | Found a shimmering altar of Xom.
  3975 | D:4      | Learned a level 3 spell: Conjure Flame
  4328 | D:4      | Found a stormy altar of Qazlal.
  4338 | D:4      | Found a deep blue altar of Sif Muna.
  4532 | D:4      | Became a worshipper of Sif Muna the Loreminder
  4630 | D:4      | Reached skill level 1 in Fire Magic
  4630 | D:4      | Reached XP level 7. HP: 36/36 MP: 6/15
  4645 | D:4      | Noticed Blork the orc
  4666 | D:4      | Killed Blork the orc
  4937 | D:5      | Entered Level 5 of the Dungeon
  4963 | D:5      | Reached skill level 5 in Conjurations
  5094 | D:5      | Reached * piety under Sif Muna
  5138 | D:5      | Found a white marble altar of Elyvilon.
  5338 | D:5      | Noticed Menkaure
  5343 | D:5      | Killed Menkaure
  5771 | D:5      | Found a glowing silver altar of Zin.
  5773 | D:5      | Found a snail-covered altar of Cheibriados.
  5776 | D:5      | Found an ancient bone altar of Kikubaaqudgha.
  6223 | D:6      | Reached XP level 8. HP: 41/41 MP: 7/16
  6260 | D:6      | Reached skill level 5 in Spellcasting
  6428 | D:6      | Found a sacrificial altar of Ru.
  6451 | D:6      | Reached skill level 6 in Spellcasting
  6553 | D:6      | Reached ** piety under Sif Muna
  6553 | D:6      | Reached skill level 7 in Spellcasting
  7021 | D:6      | Learned a level 3 spell: Stone Arrow
  7027 | D:6      | Learned a level 5 spell: Lee's Rapid Deconstruction
  7104 | D:6      | Reached skill level 8 in Spellcasting
  7456 | D:6      | Found a sparkling altar of Nemelex Xobeh.
  7489 | D:6      | Found a hide-covered altar of Uskayaw.
  7999 | D:6      | Reached skill level 9 in Spellcasting
  8157 | D:7      | Reached *** piety under Sif Muna
  8157 | D:7      | Reached XP level 9. HP: 45/45 MP: 18/24
  8413 | D:7      | Noticed Harold
  8419 | D:7      | Killed Harold
  8419 | D:7      | Reached skill level 10 in Spellcasting
  8857 | D:7      | Reached skill level 11 in Spellcasting
  8873 | D:7      | Reached **** piety under Sif Muna
  9014 | D:7      | Noticed Dowan
  9016 | D:7      | Noticed Duvessa
  9021 | D:7      | Killed Dowan
  9022 | D:7      | Killed Duvessa
  9032 | D:7      | Reached skill level 12 in Spellcasting
  9736 | D:8      | Reached XP level 10. HP: 50/50 MP: 9/28
  9842 | D:8      | Found a sacrificial altar of Ru.
  9880 | D:8      | Reached skill level 13 in Spellcasting
 10003 | D:8      | Noticed a two-headed ogre
 10011 | D:8      | Killed a two-headed ogre
 10158 | D:8      | Reached skill level 14 in Spellcasting
 10292 | D:8      | Found Lucs's Gadget Shoppe.
 10382 | D:8      | Reached ***** piety under Sif Muna
 10503 | D:8      | Identified Rill's Handbook of the Enchanting Blaze (Sif Muna gifted it to you on level 8 of the Dungeon)
 10503 | D:8      | Received a gift from Sif Muna
 10509 | D:8      | Learned a level 3 spell: Tukima's Dance
 10514 | D:8      | Learned a level 4 spell: Cause Fear
 10536 | D:8      | Noticed Grum
 10538 | D:8      | Killed Grum
 11398 | D:9      | Reached skill level 15 in Spellcasting
 12050 | D:9      | Found a staircase to the Orcish Mines.
 12581 | D:10     | Entered Level 10 of the Dungeon
 12655 | D:10     | Noticed a two-headed ogre
 12658 | D:10     | Killed a two-headed ogre
 12875 | D:10     | Reached XP level 11. HP: 54/54 MP: 28/32
 12887 | D:10     | Noticed a two-headed ogre
 12891 | D:10     | Killed a two-headed ogre
 13212 | D:10     | Found a staircase to the Lair.
 13511 | D:10     | Slain by an unseen horror

Skill      XL: |  1  2  3  4  5  6  7  8  9 10 11 |
---------------+----------------------------------+-----
Conjurations   | 2 3 4 7 |  7.1
Air Magic      | 1 2 3 |  3.0
Poison Magic   | 1 2 3 |  3.0
Summonings     | 2 |  2.2
Translocations | 2 |  2.2
Earth Magic    | 2 3 4 6 |  6.4
Fire Magic     | 1 3 |  3.0
Spellcasting   | 9 12 15 | 15.8
Shields        | 3 4 |  4.8
Dodging        | |  2.4
Stealth        | |  2.4

Action                   |  1- 3 |  4- 6 |  7- 9 | 10-12 || total
-------------------------+-------+-------+-------+-------++-------
Melee: Unarmed           |    11 |       |       |       ||    11
       Dagger            |       |    23 |    18 |       ||    41
       Staff             |       |       |     7 |     5 ||    12
 Cast: Magic Dart        |    67 |   101 |   143 |   107 ||   418
       Call Imp          |     3 |     7 |    11 |       ||    21
       Mephitic Cloud    |     1 |    18 |    25 |    13 ||    57
       Sandblast         |       |     1 |    74 |    25 ||   100
       Stone Arrow       |       |       |     9 |    12 ||    21
       Conjure Flame     |       |       |     3 |    11 ||    14
       Lee's Rapid Decon |       |       |    16 |    51 ||    67
       Blink             |       |       |     1 |     4 ||     5
Invok: Divine Energy     |       |       |     1 |       ||     1
 Stab: Confused          |       |     1 |     1 |     2 ||     4
       Sleeping          |       |       |     2 |       ||     2
  Eat: Chunk             |     2 |     6 |    15 |     8 ||    31
       Ration            |       |     1 |     1 |     1 ||     3
Armor: Robe              |     6 |     8 |    14 |     7 ||    35
Dodge: Dodged            |    23 |    23 |    34 |    21 ||   101
